 Dungeon Crawl Stone Soup version 0.26-a0-606-g3c8f2f65f7 (webtiles) character file.

Game seed: 16590724785070611956

345 Descartes the Chucker (level 6, -2/59 HPs)
             Began as a Troll Hunter on Sept 1, 2020.
             Slain by a sky beast (6 damage)
             ... on level 3 of the Dungeon.
             The game lasted 00:03:23 (3097 turns).

Descartes the Chucker (Troll Hunter)                Turns: 3097, Time: 00:03:23

Health: -2/59      AC:  6    Str: 21    XL:     6   Next: 32%
Magic:  0/5        EV: 10    Int:  9    God:
Gold:   167        SH:  0    Dex: 10    Spells: 5/5 levels left

rFire    . . .     SeeInvis .     - Unarmed
rCold    . . .     Faith    .   (no shield)
rNeg     . . .     Spirit   +   b - +0 robe
rPois    .         Reflect  .   (helmet restricted)
rElec    .         Harm     .   (no cloak)
rCorr    .                      (gloves unavailable)
MR       .....                  (boots unavailable)
Stlth    ++........             a - amulet of guardian spirit
HPRegen  0.59/turn              n - ring of flight
MPRegen  0.09/turn              (no ring)

@: no status effects
A: large, unfitting armour, claws 3, regeneration 1, shaggy fur 1, tough skin 3
a: Evoke Flight


You were on level 3 of the Dungeon.
You visited 1 branch of the dungeon, and saw 4 of its levels.

You collected 167 gold pieces.

Inventory:

Missiles
 c - 5 large rocks (quivered)
 d - 2 throwing nets
 e - 175 stones
 f - 3 curare-tipped darts
 i - 50 sling bullets
 q - 40 arrows
 s - 48 bolts
 u - 18 poisoned darts
Armour
 b - a +0 robe (worn)
Jewellery
 a - an amulet of guardian spirit (around neck)
 n - a ring of flight (left claw)
Scrolls
 g - 3 scrolls of remove curse {unknown}
 h - a scroll of random uselessness {unknown}
 k - 3 scrolls of immolation {unknown}
 l - 2 scrolls of identify {unknown}
 m - 2 scrolls of teleportation {unknown}
 t - a scroll of fear {unknown}
 v - a scroll of magic mapping {unknown}
 x - 2 scrolls of enchant armour {unknown}
Potions
 j - 3 potions of flight {unknown}
 o - a potion of heal wounds {unknown}
 p - a potion of brilliance {unknown}
 r - 3 potions of curing {unknown}
 w - a potion of mutation {unknown}
 z - a potion of degeneration {unknown}
 A - a potion of stabbing {unknown}


   Skills:
 + Level 2.8 Fighting
 + Level 4.5 Throwing
 + Level 2.8 Dodging
 + Level 1.6 Stealth
 + Level 2.5 Unarmed Combat


You had 5 spell levels left.
You didn't know any spells.
Your spell library was empty.

Dungeon Overview and Level Annotations

Branches:
Dungeon (4/15)
 Temple: D:4-7

Altars:
Kikubaaqudgha
Nemelex Xobeh
Zin

Annotations:
D:4 Blork the orc


Innate Abilities, Weirdness & Mutations

You are too large for most types of armour.
You have claws for hands.
Your natural rate of healing is unusually fast.
You are covered in fur. (AC +1)
You have extremely tough skin. (AC +3)


Message History

Reactivating autopickup.
The sky beast hits you but does no damage.
You claw the sky beast!
The sky beast is almost dead.
The sky beast flickers out of sight!
Deactivating autopickup; reactivate with Ctrl-A.
Something hits you.
* * * LOW HITPOINT WARNING * * *
Something shocks you.
* * * LOW HITPOINT WARNING * * *
You barely miss something. Something hits you.
* * * LOW HITPOINT WARNING * * *
Something shocks you.
* * * LOW HITPOINT WARNING * * *
You miss something.
A sky beast appears from thin air!
Reactivating autopickup.
The sky beast hits you.
* * * LOW HITPOINT WARNING * * *
The sky beast shocks you.
You die...

##.##.#.......# #...#
#.##.####
#......#########...###
#........ ####.###
#.....[.# ####.#### #####.#
#.#...#.### #.# # ......#
####.##......####.####
#######
#....##.........#.....
######...............#...#.
#.........##.##.#.##.......
#.#####.#.@Y>≈..#..P.......
#.#####.####...........#.P.
#.##....# ##.#####....###.P
#.##.##.# #.......P........
#.##.##.####.#####.........
#.......#.......##.##.._..#
####.####.......##.#.......
#..# #.......##.########
#.## #.......##.........


You could see a sky beast.

Vanquished Creatures
  Menkaure (D:4)
  2 howler monkeys
  A hound (D:4)
  A worker ant (D:4)
  3 adders
  An ooze (D:2)
  2 worms
  3 dart slugs
  3 leopard geckos
  4 orcs (D:3)
  2 giant cockroaches
  8 goblins
  7 hobgoblins
  3 jackals (D:2)
  A quokka (D:2)
  3 bats
  10 frilled lizards
  5 kobolds
  6 rats
66 creatures vanquished.

Vanquished Creatures (others)
  2 iguanas (D:4)
  A worker ant (D:4)
  An adder (D:4)
  An orc (D:4)
5 creatures vanquished.

Grand Total: 71 creatures vanquished

Notes
Turn   | Place    | Note
-------+----------+-------------------------------------------
     0 | D:1      | Descartes the Troll Hunter began the quest for the Orb.
     0 | D:1      | Reached XP level 1. HP: 19/19 MP: 0/0
   350 | D:1      | Reached XP level 2. HP: 26/28 MP: 1/1
  1144 | D:2      | Found a glowing silver altar of Zin.
  1382 | D:2      | Reached skill level 1 in Unarmed Combat
  1382 | D:2      | Reached XP level 3. HP: 33/35 MP: 2/2
  1519 | D:2      | Reached skill level 1 in Stealth
  2228 | D:3      | Reached skill level 4 in Throwing
  2257 | D:3      | Reached XP level 4. HP: 42/42 MP: 3/3
  2341 | D:3      | Found an ancient bone altar of Kikubaaqudgha.
  2678 | D:3      | Found a sparkling altar of Nemelex Xobeh.
  2724 | D:4      | Noticed Menkaure
  2732 | D:4      | Killed Menkaure
  2732 | D:4      | Reached XP level 5. HP: 9/50 MP: 1/4
  2736 | D:4      | Reached XP level 6. HP: 8/59 MP: 0/5
  2736 | D:4      | Noticed Blork the orc
  3065 | D:4      | Noticed a sky beast
  3097 | D:3      | Slain by a sky beast

Illustrated notes

Levels and vault maps discovered:
D:1:      mrwooster_arrival_statue, layout_basic, serial_co_window_serial,
          co_window_paths_a, co_window_corner_a, co_window_paths_a,
          co_window_corner_a, co_window_corner_a, co_window_corner_a,
          co_window_of_opportunity_a, co_window_2corner, co_window_2corner,
          co_window_corner_cb, co_window_broadway_b, co_window_of_opportunity_c,
          co_window_2corner, co_window_of_opportunity_b, glass_columns_a,
          glass_columns_c, glass_columns_c
D:2:      layout_basic, lemuel_doored_altar
D:3:      layout_loops_cross, nemelex_xobeh_ov_fountains_minmay,
          kiku_gazebo_garden_becter
D:4:      layout_loops_ring, xom_confusion_cloud,
          nicolae_qazlal_eye_of_the_storm, uniq_menkaure, uniq_sigmund,
          uniq_duvessa, uniq_robin, uniq_blork_the_orc

Skill      XL: |  1  2  3  4 |
---------------+-------------+-----
Unarmed Combat | 1 2 |  2.5
Fighting       | 2 |  2.8
Dodging        | 2 |  2.8
Stealth        | 1 |  1.6
Throwing       | 4 |  4.5

Action                   |  1- 3 |  4- 6 || total
-------------------------+-------+-------++-------
Melee: Short sword       |    65 |       ||    65
       Unarmed           |    82 |   109 ||   191
       Punch             |       |     1 ||     1
 Stab: Sleeping          |     2 |     1 ||     3
Armor: Robe              |    61 |    41 ||   102
Dodge: Dodged            |    92 |    46 ||   138

Table legend: (Time is in decaauts)
 A = Elapsed time spent in this place.
 B = Non-inter-level travel time spent in this place.
 C = Inter-level travel time spent in this place.
 D = Time resting spent in this place.
 E = Time spent auto-exploring this place.
 F = Levels seen in this place.
 G = Mean time per level.
                   A        B        C        D        E       F      G
               +--------+--------+--------+--------+--------+-----+--------+
         Total |   3099 |   2939 |    160 |      0 |   2449 |   4 |  774.8 |
       Dungeon |   3099 |   2939 |    160 |      0 |   2449 |   4 |  774.8 |
               +--------+--------+--------+--------+--------+-----+--------+

Top non-repeatable levels by time:
     D:2: 1135 daAuts
     D:1: 1001 daAuts
     D:3: 727 daAuts
     D:4: 236 daAuts
